 Dungeon Crawl Stone Soup version 0.30.1-11-g7821555f0a (webtiles) character file.

Game seed: 11906366589876279287

37 octoduck the Ducker (level 3, 0/52 HPs)
             Began as a Gnoll Monk on Dec 26, 2023.
             Succumbed to Terence's poison
             ... on level 2 of the Dungeon.
             The game lasted 00:02:57 (1284 turns).

octoduck the Ducker (Gnoll Monk)                    Turns: 1284, Time: 00:02:57

Health: 0/52       AC: 25    Str:  7 (10) XL:     3   Next: 39%
Magic:  4/4        EV:  2    Int: 10 (11) God:
Gold:   70         SH:  0    Dex: 12 (14) Spells: 3/3 levels left

rFire   . . .        a - +0 hand axe
rCold   . . .        (no shield)
rNeg    . . .        k - melded +0 plate armour
rPois   +            (helmet currently unavailable)
rElec   .            (cloak currently unavailable)
rCorr   .            (gloves currently unavailable)
SInv    .            (boots currently unavailable)
Will    .....        (no amulet)
Stlth   +            h - +4 ring of protection
HPRegen 0.28/turn    (no ring)
MPRegen 0.09/turn

%: no passive effects
@: mighty, lethally poisoned (0 -> -21), tree-form
A: stationary, stasis, torment immunity, boosted hp, (fangs 1), strong nose,
distributed training
a: no special abilities


You were on level 2 of the Dungeon.
You were a tree.
You visited 1 branch of the dungeon, and saw 2 of its levels.

You collected 70 gold pieces.

Inventory:

Hand Weapons
 a - a +0 hand axe (weapon)
 m - a +0 sling
Armour
 b - a +0 robe
 d - an orb of light
 k - a +0 plate armour (melded)
 l - a +0 ring mail
 n - a +0 leather armour
Jewellery
 h - a +4 ring of protection (left branch)
Potions
 c - a potion of ambrosia
 f - a potion of haste {unknown}
 g - a potion of curing {unknown}
 i - a potion of degeneration


   Skills:
 + Level 6.5 Fighting
 + Level 0.8 Short Blades
 + Level 0.8 Long Blades
 + Level 6.5 Axes
 + Level 0.8 Maces & Flails
 + Level 0.8 Polearms
 + Level 0.8 Staves
 + Level 0.8 Ranged Weapons
 + Level 0.8 Throwing
 + Level 0.8 Armour
 + Level 6.5 Dodging
 + Level 0.8 Stealth
 + Level 0.8 Shields
 + Level 0.8 Unarmed Combat
 + Level 0.8 Spellcasting
 + Level 0.5 Conjurations
 + Level 0.5 Hexes
 + Level 0.5 Summonings
 + Level 0.5 Necromancy
 + Level 0.5 Translocations
 + Level 0.5 Transmutations
 + Level 0.5 Fire Magic
 + Level 0.5 Ice Magic
 + Level 0.5 Air Magic
 + Level 0.5 Earth Magic
 + Level 0.5 Poison Magic
 + Level 1.0 Invocations
 + Level 0.8 Evocations


You had 3 spell levels left.
You didn't know any spells.
Your spell library contained the following spells:

 Spells                   Type           Power      Damage    Failure   Level
 Portal Projectile        Hex/Tloc       2%         N/A       63%         3
 Tukima's Dance           Hex            1%         N/A       63%         3
 Blade Hands              Tmut           0%         N/A       100%        5


Dungeon Overview and Level Annotations

Branches:
Dungeon (2/15)

Altars:

Annotations:
D:2 Terence


Innate Abilities, Weirdness & Mutations

You are a tree.
Your roots penetrate the ground, keeping you stationary.
You cannot be teleported.
You are immune to unholy pain and torment.
Your maximum health is greatly increased.
Your equipment is partially melded.
((You have very sharp teeth.))
Your uncanny sense of smell can sniff out nearby items.
Your experience applies equally to all skills.


Message History

Terence is lightly wounded.
You feel sick. Terence hits you but does no damage.
You are more poisoned.
You hit Terence.
Terence is heavily wounded.
You feel very sick. Terence hits you but does no damage.
You are more poisoned.
You hit Terence but do no damage.
Terence is heavily wounded.
You feel very sick. Terence hits you but does no damage.
You are more poisoned.
You hit Terence but do no damage.
Terence is heavily wounded.
You feel very sick. Terence hits you but does no damage.
You are lethally poisoned!
You hit Terence but do no damage.
Terence is heavily wounded.
You feel extremely sick.
Terence shouts, "Get ready for death!"
Terence hits you but does no damage.
It was a potion of degeneration.
There was something very wrong with that liquid.
You feel weakened.
You feel dopey.
You feel clumsy.
* * * LOW HITPOINT WARNING * * *
You feel very sick.
Terence hits you with a +1 short sword of venom.
* * * LOW HITPOINT WARNING * * *
It was a potion of might.
You feel very mighty all of a sudden.
* * * LOW HITPOINT WARNING * * *
You feel very sick. Terence hits you but does no damage.
You are more poisoned.
It was a potion of lignification.
You turn into a tree.
Your +0 plate armour melds into your body.
Your roots penetrate the ground.
You die...

##..........@####
#......#####....#
#####......# ####.#
...........# #####.####
.@.......# #.........
#......# #@#######.
#.##.# #.##...##) ∆
#@##.# #.#.....#†
#♣##.####.#.......
#.........#.....#. ###
##########.####.##...##.
..# #..........#
#.###.###.
#.########.##########
#......... #..<.......#
########## ############


You could see Terence.

Vanquished Creatures
  A worm (D:1)
  3 endoplasms (D:1)
  2 giant cockroaches (D:2)
  2 goblins
  3 hobgoblins (D:1)
  5 jackals
  A quokka (D:1)
  2 ball pythons (D:1)
  4 bats
  3 frilled lizards
  2 kobolds
  A rat (D:2)
29 creatures vanquished.

Notes
Turn   | Place    | Note
-------+----------+-------------------------------------------
     0 | D:1      | octoduck the Gnoll Monk began the quest for the Orb.
     0 | D:1      | Reached XP level 1. HP: 23/23 MP: 1/1
    86 | D:1      | Reached XP level 2. HP: 24/29 MP: 2/2
   559 | D:1      | Reached XP level 3. HP: 35/35 MP: 3/3
  1036 | D:2      | Reached skill level 1 in Invocations
  1170 | D:2      | Noticed Terence
  1284 | D:2      | Succumbed to Terence's poison

Illustrated notes

Levels and vault maps discovered:
D:1:      saegor_arrival_simple_c, layout_basic, chequers_serial_rivers_room_b,
          nicolae_wormholes
D:2:      layout_loops_ring, basic_ecumenical_altar, minmay_misc_feat_enclosed,
          uniq_terence, uniq_crazy_yiuf_cottage

Skill      XL: |  1  2  3 |
---------------+----------+-----
Invocations    | 1 |  1.0
Fighting       | |  6.5
Short Blades   | |  0.8
Long Blades    | |  0.8
Axes           | |  6.5
Maces & Flails | |  0.8
Polearms       | |  0.8
Staves         | |  0.8
Ranged Weapons | |  0.8
Throwing       | |  0.8
Armour         | |  0.8
Dodging        | |  6.5
Stealth        | |  0.8
Shields        | |  0.8
Unarmed Combat | |  0.8
Spellcasting   | |  0.8
Conjurations   | |  0.5
Hexes          | |  0.5
Summonings     | |  0.5
Necromancy     | |  0.5
Translocations | |  0.5
Transmutations | |  0.5
Fire Magic     | |  0.5
Ice Magic      | |  0.5
Air Magic      | |  0.5
Earth Magic    | |  0.5
Poison Magic   | |  0.5
Evocations     | |  0.8

Action                     || total
---------------------------++-------
  Melee: Hand axe          ||   105
         Bite              ||    11
    Use: Potion            ||     3
         Scroll            ||     1
   Stab: Sleeping          ||     2
 Armour: Robe              ||    10
         Plate armour      ||    24
  Dodge: Dodged            ||    48
